 Dungeon Crawl Stone Soup version 0.18-a0-884-gb6cfd45 (webtiles) character file.

733536 Duffy the Archmage (level 27, -9/163 HPs)
             Began as a Deep Elf Fire Elementalist on Dec 21, 2015.
             Was the Champion of Sif Muna.
             Mangled by a reaper
             ... wielding a +1 scythe of freezing
              (28 damage)
             ... in the Vestibule of Hell on Dec 22, 2015.
             The game lasted 06:26:32 (100080 turns).

Duffy the Archmage (Deep Elf Fire Elementalist)   Turns: 100080, Time: 06:26:32

Health: -9/163     AC: 23    Str:  8    XL:     27
Magic:  7/56       EV: 20    Int: 39    God:    Sif Muna [******]
Gold:   6460       SH:  6    Dex: 15    Spells: 13 memorised, 5 levels left

rFire  + . .     SeeInvis +     l - staff of conjuration {!a}
rCold  + . .     Gourm    .     M - +2 robe {MR+}
rNeg   + + +     Faith    .     W - +1 buckler {rF+}
rPois  ∞         Spirit   .     D - +3 crown of Dyrovepreva {rElec Int+2 SInv}
rElec  +         Dismiss  .     F - +2 cloak {rPois}
rCorr  +         Reflect  .     m - +2 pair of gloves {Str+3}
SustAt .         Harm     .     K - +2 pair of boots {run}
MR     +++++                    u - amulet of resist corrosion
Stlth  ++........               t - ring of Robustness {AC+8}
                                C - ring of the Mage {Wiz MR++ Int+3}

@: lich-form, corroded equipment, very slightly contaminated, delayed fireball,
deflect missiles, quick, almost entirely resistant to hostile enchantments,
unstealthy
A: no striking features
a: End Transformation, Channel Energy, Forget Spell, Renounce Religion, Release
Delayed Fireball
}: 5/15 runes: decaying, slimy, silver, golden, gossamer


You were in the Vestibule of Hell.
You worshipped Sif Muna.
Sif Muna was exalted by your worship.
You were not hungry.
You were a lich.
You visited 13 branches of the dungeon, and saw 60 of its levels.
You also visited: Labyrinth, Trove, Sewer and Ice Cave.

You collected 10043 gold pieces.
You spent 3583 gold pieces at shops.


   Skills:
 - Level 14.0 Fighting
 - Level 4.4 Armour
 - Level 12.0 Dodging
 - Level 5.2 Stealth
 - Level 4.0 Shields
 O Level 27 Spellcasting
 + Level 21.8 Conjurations
 - Level 10.0 Charms
 - Level 14.5 Necromancy
 - Level 2.0 Translocations
 - Level 14.0 Transmutations
 - Level 20.0 Fire Magic
 - Level 22.0 Air Magic
 - Level 12.8 Earth Magic
 - Level 18.0 Invocations


You had 5 spell levels left.
You knew the following spells:

 Your Spells              Type           Power        Failure   Level  Hunger
a - Bolt of Fire          Conj/Fire      ########..   0%          6    N/A
e - Apportation           Tloc           ######....   1%          1    N/A
h - Fire Storm            Conj/Fire      ########..   4%          9    N/A
i - Orb of Destruction    Conj           ########..   1%          7    N/A
l - Lehudib's Crystal Sp  Conj/Erth      ########..   1%          8    N/A
r - Regeneration          Chrm/Necr      ########..   0%          3    N/A
t - Necromutation         Trmt/Necr      ########..   3%          8    N/A
x - Chain Lightning       Conj/Air       ########..   1%          8    N/A
y - Tornado               Air            ########..   3%          9    N/A
B - Blink                 Tloc           N/A          1%          2    N/A
H - Haste                 Chrm           #######.     1%          6    N/A
M - Deflect Missiles      Chrm/Air       ########..   1%          6    N/A
N - Swiftness             Chrm/Air       ########     0%          2    N/A

Inventory:

Hand Weapons
 Y - a +5 blowgun
Missiles
 e - 21 curare-tipped needles
Armour
 m - a +2 pair of gloves of strength (worn)
 D - the +3 crown of Dyrovepreva (worn) {rElec Int+2 SInv}

   It affects your intelligence (+2).
   It insulates you from electricity.
   It lets you see invisible.
 F - a +2 cloak of poison resistance (worn)
 K - a +2 pair of boots of running (worn)
 M - a +2 robe of magic resistance (worn)
 U - a +2 robe of fire resistance
 W - a +1 buckler of fire resistance (worn)
Magical Staves
 l - an uncursed staff of conjuration (weapon) {!a}
Jewellery
 h - the ring "Maiv" {rF+ rC+ Int+4}

   [ring of protection from fire]

   It affects your intelligence (+4).
   It protects you from fire.
   It protects you from cold.
 p - the ring "Plog" {SustAt rElec rPois}

   [ring of sustain attributes]

   It sustains your strength, intelligence and dexterity.
   It insulates you from electricity.
   It protects you from poison.
 s - the ring of Hospitality {EV+3 SInv}

   [ring of evasion]

   It affects your evasion (+3).
   It lets you see invisible.
 t - the ring of Robustness (right hand) {AC+8}

   [ring of protection]

   It affects your AC (+8).
 u - an amulet of resist corrosion (around neck)
 w - an uncursed ring of protection from fire
 C - the ring of the Mage (left hand) {Wiz MR++ Int+3}

   [ring of wizardry]

   It improves your spell success rate.
   It affects your intelligence (+3).
   It affects your resistance to hostile enchantments.
 Z - the ring "Sirinnix" {SustAt rC+ MR+}

   [ring of sustain attributes]

   It sustains your strength, intelligence and dexterity.
   It protects you from cold.
   It affects your resistance to hostile enchantments.
Wands
 a - a wand of hasting (3/9)
 i - a wand of invisibility (5/9)
 j - a wand of heal wounds (0/9)
 k - a wand of disintegration (16/24)
 n - a wand of heal wounds (5/9)
 J - a wand of heal wounds (4/9)
 P - a wand of teleportation (5/9)
 Q - a wand of digging (8/24)
Scrolls
 g - 18 scrolls of remove curse
 q - 10 scrolls of fog
 x - 4 scrolls of summoning
 y - 5 scrolls of recharging
 A - 11 scrolls of teleportation
 B - 10 scrolls of magic mapping
 E - 14 scrolls of blinking
 G - 7 scrolls of fear
 L - a scroll of amnesia
 N - 5 scrolls of identify
 O - 5 scrolls of immolation
Potions
 b - 5 potions of flight
 c - a potion of cancellation
 d - 16 potions of heal wounds
 o - 4 potions of invisibility
 r - 14 potions of agility
 v - 8 potions of magic
 z - 19 potions of curing
 S - 4 potions of haste
 V - 7 potions of brilliance
 X - 6 potions of resistance
Miscellaneous
 R - a figurine of a ziggurat {!*}
Comestibles
 H - 32 bread rations
 I - 29 meat rations

Dungeon Overview and Level Annotations

Branches:
Dungeon (15/15)            Temple (1/1) D:4            Lair (8/8) D:11
  Swamp (4/4) Lair:6       Spider (4/4) Lair:4        Slime (6/6) Lair:7
    Orc (2/2) D:11            Elf (3/3) Orc:2        Vaults (5/5) D:14
  Crypt (3/3) Vaults:2       Tomb (3/3) Crypt:3      Depths (5/5) D:15
   Hell (1/1)                 Coc (0/7) Hell            Zot (0/5) Depths:5
    Dis: Hell:1         Geh: Hell:1         Tar: Hell:1

Altars:
Ashenzari
Cheibriados
Dithmenos
Elyvilon
Fedhas
Gozag
Kikubaaqudgha
Makhleb
Nemelex Xobeh
Okawaru
Pakellas
Qazlal
Ru
Sif Muna
Trog
Vehumet
Xom
Yredelemnul
Zin
The Shining One

Shops:
D:4 *   D:5 !   D:14 [   D:15 :   Orc:2 ****%   Elf:2 =   Vaults:4 %
Vaults:5 *

Portals:
Hell: Depths:1 Depths:2 Depths:3 Depths:4 Depths:5
Abyss: Depths:1 Depths:4
Pandemonium: Depths:3 Depths:5
Ziggurat: Depths:3

Annotations:
Orc:1 exclusion: wolf spider
Elf:2 3 runed doors
Hell exclusion: ice statue


Message History

The necromancer gestures wildly while chanting.
The necromancer flickers and vanishes for a moment.
Cast which spell? (? or * to list)
You don't know that spell.
Unknown command.
The ancient champion points at you and mumbles some strange words.
The bolt of poison misses you.
The reaper shouts, "I have come for you, Duffy!"
A reaper comes into view. It is wielding a scythe of freezing.
You can't drink.
You channel some magical energy.
You channel some magical energy.
The skeletal warrior hits you but does no damage.
The reaper hits you from afar with an antimagic scythe!
You feel your power leaking away.
The ancient champion casts a spell at you.
You feel haunted. The rust devil barely misses you.
Cast which spell? (? or * to list)
You blink.
Splash!
You fall into the shallow water.
Moving in this stuff is going to be slow.
Marking area around the ice statue as unsafe for travelling.
An ice statue, an ice devil and a zombie come into view.
The reaper hits you from afar with a scythe of freezing!!
The reaper freezes you.
Found a gateway to the freezing wastes of Cocytus.
A water elemental, a zombie and a skeleton come into view.
Unknown command.
You channel some magical energy.
The ancient champion points at you and mumbles some strange words.
You feel haunted. The ice statue throws cold at you.
The reaper hits you from afar with a scythe of freezing!!
You die...

...0. .~~~# #).)##
..~~~# ##)p..# ~Z.~~~#
##..#... .~\..~~##
##...)... .Z...~~~##
##p)..#... .~~~.2~~~##
##)z)2.^...
~.~~~~~~~~####...3z))..)
..~.~~0L.Wz##.zz2)2.#...
.....W00.....L2.........
~E.~.00W~..z.#W#..#...#.
..4..000..Wz04..........
.~.~~~~.~.~##4z.8...#...
~Z~~~~~~~~####W.........
.~.~~~~~~## ##.........
....8.~~## ##....#... ~~
#......


You could see a revenant, 2 reapers, an ice statue, an ancient champion, 3
skeletal warriors, a shadow wraith (invisible), a phantasmal warrior, an ice
devil, 2 rust devils, 2 freezing wraiths, a water elemental, a phantom, a
wraith, an anaconda zombie, a spiny frog zombie and an alligator skeleton.

Action                   |  1- 3 |  4- 6 |  7- 9 | 10-12 | 13-15 | 16-18 | 19-21 | 22-24 | 25-27 || total
-------------------------+-------+-------+-------+-------+-------+-------+-------+-------+-------++-------
Melee: Blowgun           |       |       |       |     1 |       |       |       |       |       ||     1
       Staff             |       |       |       |       |       |    10 |     1 |       |       ||    11
 Fire: Blowgun           |       |       |     8 |    37 |    18 |    11 |       |       |       ||    74
 Cast: Flame Tongue      |    75 |    49 |   308 |   586 |    61 |       |       |       |       ||  1079
       Conjure Flame     |       |     1 |    18 |    45 |    13 |       |       |       |       ||    77
       Sticky Flame      |       |     1 |    28 |    70 |    60 |       |       |       |       ||   159
       Fireball          |       |       |     8 |    30 |    18 |    41 |    26 |    18 |       ||   141
       Throw Icicle      |       |       |       |       |   412 |   410 |   191 |     1 |       ||  1014
       Bolt of Fire      |       |       |       |       |   242 |   534 |   595 |   683 |   313 ||  2367
       Regeneration      |       |       |       |       |     2 |    13 |    12 |       |     6 ||    33
       Repel Missiles    |       |       |       |       |     1 |     1 |       |       |       ||     2
       Orb of Destructio |       |       |       |       |       |    13 |    49 |    24 |     3 ||    89
       Haste             |       |       |       |       |       |    11 |    16 |     8 |    20 ||    55
       Delayed Fireball  |       |       |       |       |       |     1 |       |       |       ||     1
       Deflect Missiles  |       |       |       |       |       |     4 |    10 |     4 |     1 ||    19
       Blink             |       |       |       |       |       |     1 |     5 |     1 |     2 ||     9
       Necromutation     |       |       |       |       |       |       |    50 |   146 |   143 ||   339
       Fire Storm        |       |       |       |       |       |       |     8 |    26 |   112 ||   146
       Iron Shot         |       |       |       |       |       |       |       |    91 |    55 ||   146
       Chain Lightning   |       |       |       |       |       |       |       |     4 |   152 ||   156
       Apportation       |       |       |       |       |       |       |       |     1 |     3 ||     4
       Lehudib's Crystal |       |       |       |       |       |       |       |       |    59 ||    59
       Tornado           |       |       |       |       |       |       |       |       |     8 ||     8
Invok: Channel Energy    |       |       |    40 |    59 |   440 |   617 |  1296 |  1752 |  1624 ||  5828
       Forget Spell      |       |       |       |       |       |       |       |       |     2 ||     2
 Abil: End Transformatio |       |       |       |       |       |       |     2 |       |     5 ||     7
Evoke: Wand              |       |       |     6 |     3 |       |       |       |       |     7 ||    16
  Use: Scroll            |       |     9 |     7 |     6 |    16 |    26 |    11 |    10 |    22 ||   107
       Potion            |       |     1 |       |       |     5 |     3 |     2 |       |     3 ||    14
 Stab: Sleeping          |       |       |     2 |     6 |     3 |       |       |       |       ||    11
       Distracted        |       |       |       |     2 |     1 |       |       |       |       ||     3
  Eat: Chunk             |     2 |     6 |    25 |    32 |   157 |   184 |   163 |     6 |       ||   575
       Pizza             |       |       |       |     4 |     2 |     8 |       |       |       ||    14
       Fruit             |       |       |       |     4 |     2 |       |       |       |       ||     6
       Beef jerky        |       |       |       |       |       |       |       |     4 |       ||     4
       Bread ration      |       |       |       |       |       |       |       |     2 |     1 ||     3
       Meat ration       |       |       |       |       |       |       |       |       |     1 ||     1

Notes
Turn   | Place    | Note
--------------------------------------------------------------
     0 | D:1      | Duffy the Deep Elf Fire Elementalist began the quest for the Orb.
     0 | D:1      | Reached XP level 1. HP: 10/10 MP: 6/6
   335 | D:1      | Reached XP level 2. HP: 15/15 MP: 5/8
   751 | D:1      | Reached skill level 2 in Conjurations
   921 | D:2      | Reached skill level 4 in Spellcasting
   927 | D:2      | Reached XP level 3. HP: 19/19 MP: 0/10
  1694 | D:3      | Learned a level 3 spell: Conjure Flame
  1761 | D:3      | Noticed Chiseanne's ghost (weakling DsWz)
  2138 | D:3      | Reached XP level 4. HP: 24/24 MP: 9/12
  2205 | D:3      | Reached skill level 5 in Spellcasting
  2205 | D:3      | Reached skill level 3 in Conjurations
  2778 | D:4      | Learned a level 4 spell: Sticky Flame
  2793 | D:4      | Found a staircase to the Ecumenical Temple.
  2799 | Temple   | Entered the Ecumenical Temple
  2944 | Temple   | Became a worshipper of Sif Muna the Loreminder
  2965 | D:4      | Reached XP level 5. HP: 22/28 MP: 9/15
  3279 | D:4      | Noticed Eustachio
  3287 | D:4      | Killed Eustachio
  3287 | D:4      | Reached skill level 6 in Spellcasting
  3287 | D:4      | Reached skill level 4 in Conjurations
  3287 | D:4      | Reached skill level 4 in Fire Magic
  3287 | D:4      | Reached XP level 6. HP: 32/32 MP: 9/17
  3389 | D:4      | Learned a level 5 spell: Fireball
  3474 | D:4      | Found Plog's Assorted Antiques.
  3482 | D:4      | Bought a scroll labeled QITIAMP XEPH for 31 gold pieces
  3482 | D:4      | Bought a scroll labeled QITIAMP XEPH for 31 gold pieces
  3482 | D:4      | Bought a scroll labeled QITIAMP XEPH for 31 gold pieces
  3483 | D:4      | Bought a scroll labeled MIUCUD KUTTOO for 31 gold pieces
  3483 | D:4      | Bought a scroll labeled ODUFRI CAIQE for 31 gold pieces
  3495 | D:4      | Reached * piety under Sif Muna
  3495 | D:4      | Reached ** piety under Sif Muna
  3495 | D:4      | Reached *** piety under Sif Muna
  3495 | D:4      | Reached **** piety under Sif Muna
  3495 | D:4      | Reached ***** piety under Sif Muna
  3495 | D:4      | Reached skill level 11 in Spellcasting
  3495 | D:4      | Reached skill level 9 in Conjurations
  3495 | D:4      | Reached skill level 9 in Fire Magic
  3495 | D:4      | Reached XP level 7. HP: 36/36 MP: 17/23
  3786 | D:4      | Found an ancient bone altar of Kikubaaqudgha.
  3845 | D:5      | Entered Level 5 of the Dungeon
  3853 | D:5      | Reached skill level 1 in Fighting
  4139 | D:5      | Found Moxigh's Distillery.
  4142 | D:5      | Bought a potion of curing for 39 gold pieces
  4142 | D:5      | Bought a potion of mutation for 32 gold pieces
  4196 | D:5      | Reached skill level 1 in Invocations
  4205 | D:5      | Reached XP level 8. HP: 34/44 MP: 14/25
  4534 | D:6      | Reached skill level 2 in Invocations
  4551 | D:6      | Reached skill level 2 in Fighting
  4791 | D:6      | Found a glowing drain.
  4803 | Sewer    | Entered a sewer
  5575 | Sewer    | Reached skill level 3 in Invocations
  6468 | D:6      | Reached skill level 3 in Fighting
  6668 | D:7      | Reached XP level 9. HP: 51/51 MP: 20/26
  7029 | D:7      | Reached skill level 4 in Invocations
  7203 | D:7      | Reached skill level 4 in Fighting
  7546 | D:6      | Reached skill level 5 in Invocations
  7634 | D:3      | Killed Chiseanne's ghost
  8502 | D:8      | Reached skill level 3 in Dodging
  8994 | D:8      | Reached skill level 4 in Dodging
  9393 | D:9      | Reached skill level 3 in Stealth
  9400 | D:9      | Reached skill level 4 in Stealth
  9511 | D:9      | Reached skill level 5 in Stealth
  9511 | D:9      | Reached XP level 10. HP: 55/58 MP: 17/27
  9713 | D:9      | Reached skill level 5 in Fighting
  9900 | D:9      | Paralysed by a giant eyeball for 2 turns
  9988 | D:9      | Found a basalt altar of Yredelemnul.
 10184 | D:9      | Found a basalt altar of Yredelemnul.
 10216 | D:9      | Reached skill level 5 in Dodging
 10617 | D:10     | Entered Level 10 of the Dungeon
 10982 | D:10     | Noticed Erolcha
 11013 | D:10     | Killed Erolcha
 11013 | D:10     | Reached skill level 6 in Fighting
 11016 | D:10     | Noticed Maud
 11022 | D:10     | You fall through a shaft!
 11031 | D:11     | Noticed an unseen horror
 11037 | D:11     | Killed an unseen horror
 11037 | D:11     | Reached XP level 11. HP: 40/66 MP: 20/28
 11528 | D:11     | Reached skill level 7 in Fighting
 11528 | D:11     | Reached skill level 10 in Conjurations
 11543 | D:11     | Reached skill level 10 in Fire Magic
 11721 | D:11     | Found a staircase to the Orcish Mines.
 11743 | D:11     | Noticed an unseen horror
 11749 | D:11     | Killed an unseen horror
 11902 | D:11     | Reached ****** piety under Sif Muna
 11902 | D:11     | Received a gift from Sif Muna
 11903 | D:11     | Identified Sif Muna's Tome of Destructive Fire (Sif Muna gifted it to you on level 11 of the Dungeon)
 12299 | D:11     | Found a staircase to the Lair.
 12650 | D:10     | Reached skill level 8 in Fighting
 13122 | D:10     | Noticed Sonja
 13245 | D:10     | Killed Sonja
 13764 | Lair:1   | Entered Level 1 of the Lair of Beasts
 14680 | Lair:1   | Reached skill level 11 in Conjurations
 14813 | Lair:1   | Reached XP level 12. HP: 66/75 MP: 23/29
 15024 | Lair:2   | Reached skill level 11 in Fire Magic
 15660 | Lair:2   | Reached skill level 12 in Spellcasting
 15732 | Lair:2   | Noticed a five-headed hydra
 15743 | Lair:2   | Killed a five-headed hydra
 16240 | Lair:3   | Received a gift from Sif Muna
 16626 | Lair:3   | Noticed an eight-headed hydra
 16640 | Lair:3   | Killed an eight-headed hydra
 16900 | Lair:3   | Noticed Fannar
 16904 | Lair:3   | Killed Fannar
 16984 | Lair:3   | Reached skill level 12 in Conjurations
 17325 | Lair:3   | Noticed Urug
 17604 | Lair:3   | Noticed Rupert
 18036 | Lair:4   | Reached skill level 12 in Fire Magic
 18048 | Lair:4   | Reached skill level 13 in Spellcasting
 18624 | Lair:4   | Found a hole to the Spider Nest.
 19101 | Lair:4   | Reached XP level 13. HP: 79/79 MP: 25/32
 19173 | Lair:4   | Received a gift from Sif Muna
 19752 | Lair:1   | Learned a level 4 spell: Throw Icicle
 21241 | Lair:6   | Noticed 4thArraOfDagon's ghost (novice FeFi)
 21243 | Lair:6   | Reached skill level 14 in Spellcasting
 21322 | Lair:5   | Reached skill level 13 in Fire Magic
 21330 | Lair:5   | Reached skill level 13 in Conjurations
 22110 | Lair:6   | Found a staircase to the Swamp.
 22343 | Lair:6   | Killed 4thArraOfDagon's ghost
 22471 | Lair:5   | Received a gift from Sif Muna
 22576 | Lair:5   | Learned a level 3 spell: Regeneration
 22606 | Lair:6   | Reached skill level 1 in Necromancy
 22623 | Lair:6   | Reached skill level 1 in Charms
 22707 | Lair:6   | Reached skill level 2 in Charms
 22748 | Lair:6   | Reached skill level 2 in Necromancy
 22897 | Lair:6   | Reached skill level 3 in Charms
 23302 | Lair:6   | Reached skill level 3 in Necromancy
 23416 | Lair:7   | Noticed Raultor's ghost (journeyman DrMo)
 23429 | Lair:7   | Found a staircase to the Slime Pits.
 23503 | Lair:7   | Reached skill level 4 in Charms
 23530 | Lair:7   | Found a labyrinth entrance.
 23546 | Lab      | Entered a labyrinth
 24424 | Lair:1   | Learned a level 6 spell: Bolt of Fire
 24491 | Lair:3   | Reached skill level 6 in Invocations
 25521 | Lair:7   | Reached XP level 14. HP: 84/84 MP: 34/34
 25931 | Lair:6   | Reached skill level 7 in Invocations
 26259 | Lair:7   | Killed Raultor's ghost
 26565 | Lair:6   | Reached skill level 9 in Fighting
 26776 | Lair:7   | Reached skill level 8 in Invocations
 26950 | Lair:8   | Entered Level 8 of the Lair of Beasts
 27740 | D:12     | Reached skill level 6 in Dodging
 28977 | D:13     | Found a portal to a secret trove of treasure.
 29321 | D:13     | Reached skill level 7 in Dodging
 29685 | D:14     | Reached skill level 10 in Fighting
 29774 | D:12     | Reached skill level 8 in Dodging
 30400 | Lair:8   | Reached skill level 9 in Dodging
 30641 | Lair:8   | Reached skill level 10 in Dodging
 31197 | Lair:8   | Reached skill level 11 in Dodging
 31563 | Lair:8   | Reached XP level 15. HP: 92/92 MP: 31/35
 31968 | Lair:8   | Reached skill level 12 in Dodging
 32046 | Lair:8   | Reached skill level 1 in Armour
 32110 | Lair:8   | Reached skill level 2 in Armour
 32177 | Lair:8   | Reached skill level 3 in Armour
 32335 | Lair:8   | Reached skill level 4 in Armour
 33440 | D:14     | Reached skill level 15 in Spellcasting
 33452 | D:14     | Reached skill level 9 in Invocations
 34208 | D:14     | Found a gate to the Vaults.
 34326 | D:14     | Found Opyerghou's Antique Armour Boutique.
 34331 | D:14     | Bought a runed robe for 26 gold pieces
 35002 | D:14     | Reached skill level 10 in Invocations
 35310 | D:14     | Learned a level 2 spell: Repel Missiles
 35314 | D:14     | Learned a level 2 spell: Blink
 35354 | D:14     | Reached skill level 16 in Spellcasting
 35579 | D:15     | Entered Level 15 of the Dungeon
 36038 | D:15     | Reached skill level 11 in Invocations
 36038 | D:15     | Reached XP level 16. HP: 97/97 MP: 9/38
 36785 | D:15     | Found Ciomuj's Book Shop.
 36951 | D:15     | Reached skill level 17 in Spellcasting
 37057 | D:15     | Found an oddly glowing altar of Pakellas.
 37125 | D:15     | Found a staircase to the Depths.
 37221 | Orc:1    | Entered Level 1 of the Orcish Mines
 37223 | Orc:1    | Noticed Snorg
 37227 | Orc:1    | Killed Snorg
 37227 | Orc:1    | Received a gift from Sif Muna
 37227 | Orc:1    | Reached skill level 1 in Translocations
 38213 | Orc:2    | Entered Level 2 of the Orcish Mines
 38441 | Orc:1    | Reached skill level 2 in Translocations
 38604 | Orc:2    | Found a staircase to the Elven Halls.
 38666 | Orc:2    | Reached skill level 12 in Invocations
 38907 | Orc:2    | Found Antuenen's Assorted Antiques.
 39523 | Orc:2    | Reached skill level 14 in Conjurations
 39606 | Orc:2    | Found Ruwkuin's Assorted Antiques.
 39606 | Orc:2    | Found Nuthraud's Food Shoppe.
 39608 | Orc:2    | Found Vagh's General Store.
 39608 | Orc:2    | Found Dekkex's General Store.
 39733 | Orc:2    | Bought a scroll labeled LIDEPYMPOEG for 23 gold pieces
 39733 | Orc:2    | Bought a scroll of identify for 46 gold pieces
 39733 | Orc:2    | Bought a cabochon ring for 115 gold pieces
 39741 | Orc:2    | Bought a scroll of magic mapping for 80 gold pieces
 39741 | Orc:2    | Bought a potion of heal wounds for 115 gold pieces
 39741 | Orc:2    | Bought a potion of curing for 69 gold pieces
 39815 | Orc:2    | Bought 2 potions of agility for 88 gold pieces
 39815 | Orc:2    | Bought a scroll of teleportation for 33 gold pieces
 39815 | Orc:2    | Bought a potion of agility for 44 gold pieces
 39815 | Orc:2    | Bought a potion of invisibility for 88 gold pieces
 39818 | Orc:2    | Bought a scroll of identify for 62 gold pieces
 40027 | D:4      | Bought a potion of heal wounds for 155 gold pieces
 40074 | D:5      | Bought a potion of invisibility for 104 gold pieces
 40074 | D:5      | Bought a potion of agility for 52 gold pieces
 40074 | D:5      | Bought a potion of haste for 130 gold pieces
 40074 | D:5      | Bought a potion of heal wounds for 65 gold pieces
 40397 | D:10     | Killed Maud
 40915 | Orc:1    | Identified Sif Muna's Grimoire of Confrontation (Sif Muna gifted it to you on level 1 of the Orcish Mines)
 40929 | D:11     | Learned a level 7 spell: Delayed Fireball
 41100 | D:15     | Bought a book of Enchantments for 650 gold pieces
 41108 | D:15     | Learned a level 6 spell: Haste
 41510 | Swamp:1  | Entered Level 1 of the Swamp
 42450 | Swamp:1  | Reached skill level 5 in Charms
 42581 | Swamp:1  | Reached skill level 6 in Charms
 43152 | Swamp:2  | Reached skill level 7 in Charms
 43360 | Swamp:2  | Received a gift from Sif Muna
 43566 | Swamp:2  | Reached skill level 8 in Charms
 43940 | Swamp:2  | Reached skill level 9 in Charms
 44329 | Swamp:2  | Reached skill level 1 in Shields
 44815 | Swamp:3  | Reached skill level 2 in Shields
 44970 | Swamp:3  | Noticed Canard's ghost (adept DrIE)
 45412 | D:15     | Bought a book of Power for 585 gold pieces
 45506 | Lair:1   | Learned a level 7 spell: Orb of Destruction
 45684 | Swamp:3  | Killed Canard's ghost
 45731 | Swamp:3  | Reached skill level 3 in Shields
 46156 | Swamp:3  | Noticed Mara
 46308 | Swamp:3  | Reached skill level 4 in Shields
 46414 | Swamp:3  | Reached XP level 17. HP: 102/102 MP: 34/40
 46686 | Swamp:4  | Entered Level 4 of the Swamp
 46980 | Swamp:4  | Reached skill level 15 in Conjurations
 47249 | Swamp:4  | Noticed Donald
 47264 | Swamp:4  | Killed Donald
 47816 | Spider:1 | Entered Level 1 of the Spider Nest
 48312 | Spider:1 | Received a gift from Sif Muna
 48416 | Spider:1 | Identified Sif Muna's Guide on Floating Arcane Weapons (Sif Muna gifted it to you on level 1 of the Spider Nest)
 48421 | Spider:1 | Learned a level 2 spell: Swiftness
 48767 | Spider:1 | Noticed Asterion
 48786 | Spider:1 | Killed Asterion
 49255 | Spider:2 | Reached skill level 18 in Spellcasting
 49366 | Spider:2 | Found a frozen archway.
 49381 | IceCv    | Entered an ice cave
 49412 | IceCv    | Noticed conein's ghost (journeyman DEWz)
 49426 | IceCv    | Killed conein's ghost
 50277 | IceCv    | Noticed an Ice Fiend
 50287 | IceCv    | Killed an Ice Fiend
 50287 | IceCv    | Reached skill level 16 in Conjurations
 50367 | IceCv    | Got a jewelled helmet
 50408 | IceCv    | Identified the +5 helmet of Insatiable Hunger {rF+ Str+7 Dex-4} (You found it in an ice cave)
 50873 | Lair:1   | Learned a level 6 spell: Deflect Missiles
 51120 | Spider:2 | Reached skill level 1 in Air Magic
 51640 | Spider:2 | Reached skill level 2 in Air Magic
 51883 | Spider:2 | Reached skill level 10 in Charms
 52931 | Swamp:4  | Noticed the 27-headed Lernaean hydra
 52936 | Swamp:4  | Killed the 27-headed Lernaean hydra
 52936 | Swamp:4  | Reached skill level 11 in Fighting
 53755 | Swamp:4  | Got a decaying rune of Zot
 54211 | Vaults:1 | Entered Level 1 of the Vaults
 54464 | Vaults:1 | Reached XP level 18. HP: 110/110 MP: 42/42
 54625 | Vaults:1 | Reached skill level 12 in Fighting
 54675 | Vaults:1 | Noticed 4thArraOfDagon's ghost (adept GrFi)
 54688 | Vaults:1 | Killed 4thArraOfDagon's ghost
 55065 | Vaults:1 | Received a gift from Sif Muna
 55199 | Vaults:1 | Identified Sif Muna's Disquisition on Sinister Secrets and the Birds (Sif Muna gifted it to you on level 1 of the Vaults)
 55254 | Vaults:1 | Reached skill level 14 in Fire Magic
 56372 | Vaults:1 | Noticed Wiglaf
 56377 | Vaults:1 | Killed Wiglaf
 56576 | Vaults:1 | Received a gift from Sif Muna
 56580 | Vaults:1 | Identified Sif Muna's Almanac of the Lizard (Sif Muna gifted it to you on level 1 of the Vaults)
 57329 | Vaults:1 | Reached skill level 19 in Spellcasting
 57614 | Vaults:1 | Reached skill level 15 in Fire Magic
 57615 | Vaults:1 | Reached skill level 17 in Conjurations
 57824 | Lair:3   | Killed Urug
 57876 | Lair:3   | Killed Rupert
 58043 | Lair:1   | Learned a level 5 spell: Bolt of Magma
 58056 | Lair:1   | Learned a level 8 spell: Necromutation
 58193 | Vaults:2 | Found a staircase to the Crypt.
 58193 | Vaults:2 | Found an ancient bone altar of Kikubaaqudgha.
 58194 | Vaults:2 | Found a basalt altar of Yredelemnul.
 58292 | Vaults:2 | Reached skill level 1 in Transmutations
 58430 | Vaults:2 | Reached skill level 4 in Necromancy
 58695 | Vaults:2 | Reached skill level 2 in Transmutations
 58933 | Vaults:2 | Reached skill level 3 in Transmutations
 59039 | Vaults:2 | Reached skill level 5 in Necromancy
 59525 | Vaults:2 | Reached XP level 19. HP: 102/116 MP: 25/44
 60315 | Vaults:1 | Reached skill level 4 in Transmutations
 60363 | Vaults:1 | Reached skill level 6 in Necromancy
 60494 | Vaults:1 | Reached skill level 5 in Transmutations
 60853 | Vaults:1 | Received a gift from Sif Muna
 60858 | Vaults:1 | Identified Sif Muna's Guide on Spatial Conjuration (Sif Muna gifted it to you on level 1 of the Vaults)
 61280 | Vaults:3 | Reached skill level 7 in Necromancy
 61509 | Vaults:3 | Reached skill level 6 in Transmutations
 61996 | Vaults:3 | Reached skill level 8 in Necromancy
 62243 | Vaults:3 | Reached skill level 20 in Spellcasting
 62277 | Vaults:3 | Reached skill level 7 in Transmutations
 63026 | Vaults:3 | Reached skill level 9 in Necromancy
 64035 | Vaults:4 | Found Myneq's Food Shoppe.
 64055 | Vaults:4 | Received a gift from Sif Muna
 64055 | Vaults:4 | Reached skill level 8 in Transmutations
 64056 | Vaults:4 | Identified Sif Muna's Disquisition on Confrontation (Sif Muna gifted it to you on level 4 of the Vaults)
 64237 | Vaults:4 | Reached skill level 10 in Necromancy
 64777 | Vaults:4 | Reached skill level 9 in Transmutations
 64779 | Vaults:4 | Reached XP level 20. HP: 111/122 MP: 16/46
 64956 | Vaults:4 | Reached skill level 11 in Necromancy
 65081 | Vaults:4 | Got a polished leather armour
 65082 | Vaults:4 | Identified the +1 leather armour of Nemelex Xobeh's Esteem {rN+ MP+9 Dex+4} (You took it off an ironheart preserver on level 4 of the Vaults)
 65239 | Vaults:4 | Reached skill level 10 in Transmutations
 65429 | Vaults:4 | Received a gift from Sif Muna
 65430 | Vaults:4 | Identified Sif Muna's Reference Book on Combat Magic and the Volcanoes (Sif Muna gifted it to you on level 4 of the Vaults)
 65863 | Vaults:4 | Reached skill level 12 in Necromancy
 66494 | Elf:1    | Entered Level 1 of the Elven Halls
 66639 | Elf:1    | Reached skill level 21 in Spellcasting
 66832 | Elf:1    | Reached skill level 11 in Transmutations
 68122 | Elf:2    | Reached skill level 13 in Necromancy
 68175 | Elf:2    | Received a gift from Sif Muna
 68187 | Elf:2    | Identified Sif Muna's Volume of Dark Magic (Sif Muna gifted it to you on level 2 of the Elven Halls)
 68426 | Elf:2    | Found a runed gate.
 68426 | Elf:2    | Found a runed gate.
 68431 | Elf:2    | Found a runed gate.
 68520 | Elf:2    | Found Kipn's Jewellery Shoppe.
 68532 | Elf:2    | Bought the ring of the Mage {Wiz MR++ Int+3} for 827 gold pieces
 68615 | Elf:2    | Reached skill level 12 in Transmutations
 68775 | Elf:3    | Entered Level 3 of the Elven Halls
 69454 | Elf:3    | Reached XP level 21. HP: 127/127 MP: 30/48
 69618 | Elf:3    | Reached skill level 22 in Spellcasting
 69801 | Elf:3    | Got a scintillating copper ring
 69802 | Elf:3    | Got a dazzling leather armour
 69816 | Elf:3    | Identified the ring "Plog" {rN+ AC+6} (You took it off a deep elf high priest on level 3 of the Elven Halls)
 69820 | Elf:3    | Identified the +3 leather armour of Neumes Taesk {+Inv MR+} (You took it off a deep elf high priest on level 3 of the Elven Halls)
 69875 | Elf:3    | Got a coiled jade ring
 70164 | Elf:3    | Reached skill level 13 in Invocations
 70714 | Elf:3    | Identified Sif Muna's Reference Book on Transmigration (You found it on level 3 of the Elven Halls)
 70741 | Elf:3    | Identified the Tome of Cankerous Transmigration (You found it on level 3 of the Elven Halls)
 70758 | Elf:3    | Reached skill level 14 in Invocations
 70783 | Elf:3    | Identified the Incunabulum of the Barnacle (You found it on level 3 of the Elven Halls)
 71095 | Elf:3    | Identified the cursed ring of Greed {MP-9 Int-4 Dex+9} (You took it off a deep elf demonologist on level 3 of the Elven Halls)
 71605 | Spider:2 | Upgraded the game from 0.18-a0-867-gfd1cc8f to 0.18-a0-875-ga513d27
 71999 | Lair:1   | Learned a level 9 spell: Fire Storm
 73540 | Spider:4 | Entered Level 4 of the Spider Nest
 73540 | Spider:4 | Noticed Jorgrun
 73583 | Spider:3 | Killed Jorgrun
 73754 | Spider:4 | Noticed Aizul
 73759 | Spider:4 | Killed Aizul
 73790 | Spider:4 | Noticed Nikola
 73944 | Spider:4 | Killed Nikola
 73944 | Spider:4 | Received a gift from Sif Muna
 73944 | Spider:4 | Reached skill level 16 in Fire Magic
 74154 | Spider:4 | Identified Sif Muna's Disquisition on Igneous Attacks (Sif Muna gifted it to you on level 4 of the Spider Nest)
 75012 | Spider:4 | Reached skill level 17 in Fire Magic
 75238 | Spider:4 | Got a gossamer rune of Zot
 75461 | Spider:4 | Reached XP level 22. HP: 123/132 MP: 16/50
 75853 | Swamp:3  | Noticed Duffy's illusion
 75857 | Swamp:3  | Killed Mara
 75857 | Swamp:3  | Received a gift from Sif Muna
 75869 | Swamp:3  | Identified Atwuj's Papyrus of the Destructive Oath (Sif Muna gifted it to you on level 3 of the Swamp)
 76445 | Lair:1   | Learned a level 6 spell: Iron Shot
 76583 | Depths:1 | Entered Level 1 of the Depths
 76610 | Depths:1 | Found a gateway to Hell.
 77052 | Depths:1 | Found a one-way gate to the infinite horrors of the Abyss.
 77059 | Depths:1 | Found a shattered altar of Ashenzari.
 77271 | Depths:1 | Noticed 4thArraOfDagon's ghost (journeyman MiFi)
 77590 | Depths:1 | Noticed Ijustatesigmund's ghost (journeyman SpAs)
 77599 | Depths:1 | Killed Ijustatesigmund's ghost
 77644 | Depths:1 | Killed 4thArraOfDagon's ghost
 77831 | Depths:1 | Reached skill level 18 in Conjurations
 77986 | Depths:1 | Reached skill level 18 in Fire Magic
 78144 | Depths:2 | Got a brightly glowing granite ring
 78190 | Depths:2 | Identified the ring "Plog" {SustAt rElec rPois} (You found it on level 2 of the Depths)
 78300 | Depths:2 | Received a gift from Sif Muna
 78302 | Depths:2 | Identified Sif Muna's Papyrus of the Voyage (Sif Muna gifted it to you on level 2 of the Depths)
 78306 | Depths:2 | Learned a level 1 spell: Apportation
 78771 | Depths:2 | Noticed a juggernaut
 78785 | Depths:2 | Killed a juggernaut
 79061 | Depths:2 | Received a gift from Sif Muna
 79077 | Depths:2 | Reached skill level 23 in Spellcasting
 79087 | Depths:2 | Identified Deti's Papyrus of Curses and Confrontation (Sif Muna gifted it to you on level 2 of the Depths)
 79484 | Depths:2 | Upgraded the game from 0.18-a0-875-ga513d27 to 0.18-a0-884-gb6cfd45
 79991 | Depths:3 | Reached XP level 23. HP: 137/137 MP: 39/52
 80059 | Depths:3 | Found a one-way gate leading to the halls of Pandemonium.
 80073 | Depths:3 | Found a gateway to a ziggurat.
 80126 | Depths:3 | Reached skill level 24 in Spellcasting
 80352 | Depths:3 | Received a gift from Sif Muna
 80361 | Depths:3 | Identified Leshrusaa's Guide on the Entourage (Sif Muna gifted it to you on level 3 of the Depths)
 80746 | Depths:3 | Reached skill level 25 in Spellcasting
 81315 | Depths:4 | Received a gift from Sif Muna
 81322 | Depths:4 | Identified Sif Muna's Tome of the Escort (Sif Muna gifted it to you on level 4 of the Depths)
 81675 | Depths:4 | Reached skill level 26 in Spellcasting
 81932 | Depths:4 | Found a bloodstained altar of Trog.
 82851 | Depths:4 | Received a gift from Sif Muna
 82903 | Depths:4 | Got a fabulously ornate robe
 82904 | Depths:4 | Identified the +2 robe "Vuos" {*Corrode +Fly MR+ Int+3} (You took it off a spriggan on level 4 of the Depths)
 82943 | Depths:4 | Noticed the Enchantress
 82944 | Depths:4 | Killed the Enchantress
 82946 | Depths:4 | Reached skill level 27 in Spellcasting
 82975 | Depths:4 | Got a faerie dragon armour
 82976 | Depths:4 | Identified the +0 faerie dragon armour {Str+7 Dex-2} (You took it off the Enchantress on level 4 of the Depths)
 84406 | Lair:1   | Learned a level 8 spell: Chain Lightning
 84722 | Depths:5 | Entered Level 5 of the Depths
 84767 | Depths:5 | Reached skill level 15 in Invocations
 84783 | Depths:5 | Reached skill level 4 in Air Magic
 84861 | Depths:5 | Reached skill level 5 in Air Magic
 84956 | Depths:5 | Found a shattered altar of Ashenzari.
 84959 | Depths:5 | Reached XP level 24. HP: 142/142 MP: 44/56
 84960 | Depths:5 | Reached skill level 6 in Air Magic
 84985 | Depths:5 | Reached skill level 7 in Air Magic
 84988 | Depths:5 | Received a gift from Sif Muna
 85005 | Depths:5 | Identified Asmodeus's Tome of Companions (Sif Muna gifted it to you on level 5 of the Depths)
 85031 | Depths:5 | Reached skill level 8 in Air Magic
 85086 | Depths:5 | Found a gate to the Realm of Zot.
 85097 | Depths:5 | Reached skill level 9 in Air Magic
 85161 | Depths:5 | Got a smoking ruby amulet
 85168 | Depths:5 | Identified the amulet of Utiprup {+Rage Int+3 Dex-2} (You found it on level 5 of the Depths)
 85302 | Depths:5 | Reached skill level 10 in Air Magic
 85492 | Depths:5 | Reached skill level 11 in Air Magic
 85507 | Depths:5 | Received a gift from Sif Muna
 85513 | Depths:5 | Identified Sif Muna's Incunabulum of the Entourage (Sif Muna gifted it to you on level 5 of the Depths)
 85764 | Depths:5 | Reached skill level 12 in Air Magic
 86214 | Crypt:1  | Entered Level 1 of the Crypt
 86415 | Crypt:1  | Reached skill level 13 in Air Magic
 87000 | Crypt:2  | Received a gift from Sif Muna
 87124 | Crypt:2  | Identified Sif Muna's Collected Works on Summoning (Sif Muna gifted it to you on level 2 of the Crypt)
 87138 | Crypt:2  | Reached skill level 14 in Air Magic
 87156 | Crypt:2  | Noticed Boris
 87442 | Crypt:2  | Killed Boris
 87565 | Crypt:2  | Found a runed gate.
 87565 | Crypt:2  | Found a runed gate.
 87565 | Crypt:2  | Found a runed gate.
 87712 | Crypt:2  | Reached skill level 13 in Fighting
 88061 | Crypt:3  | Entered Level 3 of the Crypt
 88369 | Crypt:3  | Reached skill level 14 in Fighting
 88589 | Crypt:3  | Noticed an ancient lich
 88594 | Crypt:3  | Killed an ancient lich
 88622 | Crypt:3  | Found a staircase to the Tomb.
 88747 | Crypt:3  | Reached XP level 25. HP: 152/152 MP: 12/56
 88956 | Crypt:3  | Reached skill level 19 in Conjurations
 88973 | Crypt:3  | Reached skill level 19 in Fire Magic
 89219 | Crypt:3  | Identified the Tome of Evil (You found it on level 3 of the Crypt)
 89362 | Crypt:3  | Found an ancient bone altar of Kikubaaqudgha.
 89368 | Crypt:3  | Received a gift from Sif Muna
 89377 | Crypt:3  | Identified Sif Muna's Almanac of Supportive Cold (Sif Muna gifted it to you on level 3 of the Crypt)
 89428 | Crypt:3  | Got an ancient demon whip
 89429 | Crypt:3  | Identified the +7 demon whip of No Interval {freeze, +Rage Stlth+} (You found it on level 3 of the Crypt)
 89795 | D:13     | You paid a toll of a +7 demon whip to enter a treasure trove
 89796 | Trove    | Entered a treasure trove
 89805 | Trove    | Got a heavily runed pewter ring
 89810 | Trove    | Got a sparkling steel ring
 89814 | Trove    | Got a bound jade amulet
 89823 | Trove    | Got a wavering wooden ring
 89830 | Trove    | Got a pitted brass ring
 89832 | Trove    | Got a flickering bronze amulet
 89846 | Trove    | Identified the ring "Maiv" {rF+ rC+ Int+4} (You found it in a treasure trove)
 89847 | Trove    | Identified the ring of Hospitality {EV+3 SInv} (You found it in a treasure trove)
 89848 | Trove    | Identified the ring of Reth {+Blink rPois} (You found it in a treasure trove)
 89849 | Trove    | Identified the amulet of Utsulehu {Reflect Fragile rC+ Str+7 SH+2} (You found it in a treasure trove)
 89850 | Trove    | Identified the ring of Liberty {Str+2 Int+5} (You found it in a treasure trove)
 89851 | Trove    | Identified the amulet of Kuiguom {rCorr rF- MR+ Str+3} (You found it in a treasure trove)
 90146 | Slime:1  | Entered Level 1 of the Pits of Slime
 90536 | Slime:2  | Received a gift from Sif Muna
 90542 | Slime:2  | Identified Sif Muna's Tome of Curses and Conjuration (Sif Muna gifted it to you on level 2 of the Pits of Slime)
 90657 | Slime:4  | Reached skill level 20 in Fire Magic
 90683 | Slime:5  | Reached skill level 20 in Conjurations
 90852 | Slime:6  | Entered Level 6 of the Pits of Slime
 91041 | Slime:6  | Noticed the Royal Jelly
 91046 | Slime:6  | Killed the Royal Jelly
 91046 | Slime:6  | Reached skill level 14 in Necromancy
 91046 | Slime:6  | Reached skill level 13 in Transmutations
 91076 | Slime:6  | Received a gift from Sif Muna
 91213 | Slime:5  | Reached skill level 14 in Transmutations
 91358 | Slime:6  | Got a slimy rune of Zot
 91472 | Slime:6  | Identified Laiqy's Disquisition on Transmigration and Poisoning (You found it on level 6 of the Pits of Slime)
 91502 | Slime:6  | Got a coiled iron ring
 91503 | Slime:6  | Identified the ring "Boah" {Fire Str+3 Int+2} (You found it on level 6 of the Pits of Slime)
 92979 | Lair:1   | Learned a level 8 spell: Lehudib's Crystal Spear
 92992 | Lair:1   | Learned a level 9 spell: Tornado
 93251 | Tomb:1   | Entered Level 1 of the Tomb of the Ancients
 93441 | Tomb:1   | Reached skill level 1 in Earth Magic
 93444 | Tomb:1   | Reached skill level 2 in Earth Magic
 93455 | Tomb:1   | Reached skill level 3 in Earth Magic
 93455 | Tomb:1   | Reached XP level 26. HP: 137/158 MP: 30/56
 93464 | Tomb:1   | Reached skill level 4 in Earth Magic
 93506 | Tomb:1   | Reached skill level 5 in Earth Magic
 93609 | Tomb:1   | Reached skill level 6 in Earth Magic
 93890 | Tomb:1   | Reached skill level 7 in Earth Magic
 93890 | Tomb:1   | Received a gift from Sif Muna
 93890 | Tomb:1   | Reached skill level 8 in Earth Magic
 93940 | Tomb:1   | Reached skill level 9 in Earth Magic
 93966 | Tomb:1   | Identified Sif Muna's Incunabulum of Hurtful Flight (Sif Muna gifted it to you on level 1 of the Tomb of the Ancients)
 94038 | Tomb:1   | Reached skill level 10 in Earth Magic
 94214 | Tomb:1   | Got a coiled tin ring
 94223 | Tomb:1   | Identified the ring "Ozocruf" {Fire +Inv rElec Int-4 Stlth+} (You took it off an anubis guard on level 1 of the Tomb of the Ancients)
 94326 | Tomb:2   | Noticed an ancient lich
 94327 | Tomb:2   | Noticed Frederick
 94351 | Tomb:2   | Killed Frederick
 94353 | Tomb:2   | Reached skill level 11 in Earth Magic
 94356 | Tomb:1   | Received a gift from Sif Muna
 94356 | Tomb:1   | Reached skill level 12 in Earth Magic
 94516 | Tomb:2   | Killed an ancient lich
 95096 | Tomb:1   | Reached skill level 16 in Invocations
 95204 | Tomb:1   | Reached skill level 15 in Air Magic
 95305 | Tomb:1   | Received a gift from Sif Muna
 95471 | Tomb:1   | Reached XP level 27. HP: 151/163 MP: 20/56
 95629 | Tomb:2   | Reached skill level 17 in Invocations
 95849 | Tomb:3   | Entered Level 3 of the Tomb of the Ancients
 95866 | Tomb:3   | Reached skill level 16 in Air Magic
 95910 | Tomb:3   | Noticed an ancient lich
 95912 | Tomb:3   | Killed an ancient lich
 95912 | Tomb:3   | Received a gift from Sif Muna
 95912 | Tomb:3   | Reached skill level 17 in Air Magic
 95914 | Tomb:3   | Noticed an ancient lich
 95917 | Tomb:3   | Killed an ancient lich
 95933 | Tomb:3   | Noticed Khufu
 95935 | Tomb:3   | Killed Khufu
 96128 | Tomb:3   | Reached skill level 18 in Air Magic
 96144 | Tomb:3   | Received a gift from Sif Muna
 96189 | Tomb:3   | Identified Sif Muna's Guide on Vitriolic Conjuration (Sif Muna gifted it to you on level 3 of the Tomb of the Ancients)
 96329 | Tomb:3   | Got a golden rune of Zot
 96634 | Tomb:3   | Got a shimmering tin ring
 96663 | Tomb:3   | Identified the Grimoire of Enchantment (You found it on level 3 of the Tomb of the Ancients)
 96716 | Tomb:3   | Got a wavering ivory ring
 96731 | Tomb:3   | Identified the ring of Kilocy {SustAt Str+3} (You found it on level 3 of the Tomb of the Ancients)
 96732 | Tomb:3   | Identified the ring "Sirinnix" {SustAt rC+ MR+} (You found it on level 3 of the Tomb of the Ancients)
 96989 | Tomb:1   | Reached skill level 19 in Air Magic
 97638 | Vaults:5 | Entered Level 5 of the Vaults
 97647 | Vaults:5 | Received a gift from Sif Muna
 97669 | Vaults:5 | Noticed an ancient lich
 97675 | Vaults:5 | Reached skill level 20 in Air Magic
 97681 | Vaults:5 | Killed an ancient lich
 98158 | Vaults:5 | Received a gift from Sif Muna
 98166 | Vaults:5 | Reached skill level 21 in Air Magic
 98183 | Vaults:5 | Identified Sif Muna's Reference Book on the Escort and the Oath (Sif Muna gifted it to you on level 5 of the Vaults)
 98344 | Vaults:5 | Found Dourarif's Assorted Antiques.
 98501 | Vaults:5 | Received a gift from Sif Muna
 98523 | Vaults:5 | Identified Sif Muna's Handbook of Calling (Sif Muna gifted it to you on level 5 of the Vaults)
 98563 | Vaults:5 | Reached skill level 22 in Air Magic
 98629 | Vaults:5 | Got a slimy gossamer ring
 98675 | Vaults:5 | Got a silver rune of Zot
 98890 | Vaults:5 | Identified the ring "Naujeakh" {rElec MR- MP+9 Dex+7} (You found it on level 5 of the Vaults)
 99061 | Vaults:5 | Reached skill level 18 in Invocations
 99075 | Vaults:5 | Got a pair of brightly glowing boots
 99076 | Vaults:5 | Identified the cursed +0 pair of boots of Luos {rCorr Dex+3 Slay+4} (You found it on level 5 of the Vaults)
 99366 | Vaults:5 | Identified Sif Muna's Catalogue of Companions (Sif Muna gifted it to you on level 5 of the Vaults)
100012 | Hell     | Entered the Vestibule of Hell
100012 | Hell     | Noticed Geryon
100017 | Hell     | Reached skill level 21 in Conjurations
100023 | Hell     | Killed Geryon
100059 | Hell     | Received a gift from Sif Muna
100079 | Hell     | Found a gateway to the freezing wastes of Cocytus.
100080 | Hell     | Mangled by a reaper

Vault maps used:
D:1:      minmay_arrival_nine_rooms
D:3:      first_bread
D:4:      nicolae_overflow_crystal_walls, temple_fountains, serial_shops,
          nicolae_shop_stone, uniq_eustachio
D:5:      serial_shops, nicolae_shop_behind_doors
D:6:      portal_sewer_entry_d, grunt_ministairs_3, serial_park_tiny_2
D:7:      grunt_livestock
D:9:      overflow_temple_1_default, kennysheep_flooded_box, onia_ninara_cookie
D:10:     serial_bayou, serial_bayou_pond_e, serial_bayou_shore_a,
          serial_bayou_pond_d, serial_bayou_pond_a, uniq_erolcha, uniq_sonja,
          uniq_maud
D:11:     lair_0_dummy, orc_0_dummy
D:13:     nicolae_trove_entry_free_sample
D:14:     hangedman_vaults_entry_quadrant_bands, serial_shops, shop,
          minmay_misc_feat_pillars, minmay_three_doors
D:15:     grunt_enter_depths_magical_seal, serial_shops,
          nicolae_shop_competitors_out_of_business, lemuel_doored_altar,
          serial_glass, glass_columns_b, glass_columns_a, glass_columns_a,
          glass_columns_a, glass_columns_c, glass_columns_c
Temple:   grunt_circular_temple_18
Lair:3:   grunt_megastairs_5, infiniplex_staircase_pool, uniq_urug, uniq_fannar,
          uniq_rupert
Lair:4:   nicolae_spider_entry_orb_guardian, serial_bayou_lake_a,
          grunt_megastairs_3, infiniplex_staircase_pool_2
Lair:6:   swamp_mist_pool, beast_lair_carwin_6
Lair:7:   minmay_slime_entry_eyes, lab_entry_generic
Lair:8:   minmay_lair_end_enchanted_forest, grunt_forest_small_clearings,
          st_stairs_6, minmay_lair_oklob_bushes, grunt_megastairs_2
Swamp:1:  evilmike_swamp_ruin_house_1, swamp_pool3
Swamp:2:  serial_swamp_ruin, evilmike_swamp_ruin_house_4,
          evilmike_swamp_ruin_house_6
Swamp:3:  evilmike_swamp_ruin_rubble_2, uniq_mara
Swamp:4:  swamp_basic_johnstein, uniq_donald
Spider:1: nicolae_spider_webs_and_nodes, uniq_asterion
Spider:2: portal_ice_cave_entry_pillars_03
Spider:4: spider_rune_water, spider_trap, minmay_another_anthill, uniq_jorgrun,
          uniq_nikola, uniq_aizul
Slime:4:  cheibrodos_slime_lost_civilization_3
Orc:1:    nicolae_orc_accident_3, uniq_snorg
Orc:2:    grunt_orc_tribal_feast, serial_shops, shop
Elf:1:    eino_elf_arrival_shootout, hangedman_elf_disciples, minivault_15,
          minmay_misc_feat_cross, patterned_corridor
Elf:2:    serial_shops, nicolae_shop_waterfront, minivault_16
Elf:3:    grunt_elf_hall_spiral, serial_glass, glass_columns_b, glass_columns_a
Vaults:1: dpeg_vaults_monster_box, v_misc_29, v_misc_3,
          nicolae_vaults_disjoint_gnomons, v_misc_3, vaults_dpeg_ring,
          nicolae_vaults_hallways_thing, v_rooms_2,
          ontoclasm_vaults_decontamination, vaults_dpeg_diagonal,
          grunt_vaults_focal, vaults_dpeg_encased_lava,
          nicolae_vaults_little_squares_2, uniq_wiglaf
Vaults:2: minmay_crypt_entry_necro_gods, v_misc_8,
          nicolae_vaults_little_squares_1, nicolae_vaults_statue_guard,
          nicolae_vaults_asterisk, v_misc_14
Vaults:3: grunt_vaults_hallway_long, v_rooms_1, ontoclasm_vaults_loading_screen,
          v_misc_28, grunt_vaults_diagonal, nicolae_vaults_little_squares_2,
          v_misc_25, v_misc_1, hangedman_vaults_capsules, v_misc_11, v_misc_4,
          v_misc_23, nicolae_vaults_little_squares_5
Vaults:4: hangedman_vaults_unwind, hangedman_vaults_nails, st_greater_box_1,
          vaults_dpeg_hooks, v_alt_pattern_4,
          nicolae_vaults_stairing_the_circle, ontoclasm_vaults_twist,
          nicolae_vaults_little_squares_3, vaults_room_hallway,
          nicolae_vaults_shelves_hall, vaults_room_door_ring, serial_shops,
          shop_statue
Crypt:2:  pandoras_box_mu, uniq_boris
Crypt:3:  cryptofortress_bobbens
Tomb:2:   uniq_frederick
Depths:1: pf_coc_iceberg, basic_altar, hangedman_abyss_entry_splay,
          kennysheep_generic_room_16, grunt_megastairs_4
Depths:2: kennysheep_bubbly, minmay_holes, hell_entry, hangedman_aviary
Depths:3: cheibrodos_birdhouse, enter_ziggurat_d, pan_entry,
          infiniplex_staircase_zigzag_4, grunt_mini_vestibule
Depths:4: spriggan_forest, abyss_entry, hell_entry
Depths:5: evilmike_zot_entry_diamond, minivault_14, grunt_pan_entry_sceptre,
          hell_entry, hangedman_decor_diamond_cutter, ashenzari_altar_1
Lab:      labyrinth_mini_lab, nicolae_lab_quarters
Trove:    trove_jewel_1
Sewer:    sewer_frog_island_02
IceCv:    ice_cave_small_demon

Vanquished Creatures
  the Royal Jelly Khufu
  5 ancient liches Mara
  A juggernaut
  24 greater mummies Boris the Lernaean hydra Frederick
  3 golden dragons Geryon Nikola the Enchantress
  A bone dragon
  An Ice Fiend
  5 tentacled monstrosities Jorgrun Rupert Asterion
  2 deep elf master archers
  2 deep elf blademasters
  31 acid blobs
  A quicksilver dragon
  11 liches
  A thorn hunter
  14 sphinxes
  8 ancient champions
  4 shadow dragons
  5 storm dragons
  14 tengu reavers
  3 revenants
  The ghost of Canard the Thaumaturge, an adept DrIE of Ashenzari
  An azure jelly (shapeshifter)
  8 frost giants
  4 ghost moths Wiglaf
  7 deep elf sorcerers Maud Donald
  The ghost of 4thArraOfDagon the Severer, an adept GrFi of Okawaru
  17 azure jellies
  6 iron dragons
  A draconian knight
  8 fire giants
  A balrug
  A deep elf elementalist
  A cacodemon
  7 emperor scorpions
  17 vault wardens
  The ghost of 4thArraOfDagon the Severer, a journeyman MiFi of the Shining One Aizul
  2 orc warlords
  A draconian annihilator
  19 ironheart preservers
  4 spriggan defenders
  10 ghouls
  10 very ugly things
  4 reapers
  6 vampire knights
  25 stone giants
  10 war gargoyles
  The ghost of Raultor the Grappler, a journeyman DrMo of Ashenzari
  2 salamander stormcallers
  11 deep elf demonologists
  6 bennus
  15 deep elf annihilators
  A mottled draconian
  2 white draconians
  A purple draconian
  The ghost of Ijustatesigmund the Covert, a journeyman SpAs of Dithmenos
  2 green deaths
  9 eidola Snorg
  6 jiangshi
  An ettin (shapeshifter)
  2 quicksilver dragon zombies
  10 deep elf death magi
  18 mummy priests
  7 spark wasps
  3 crystal guardians
  9 ettins
  33 vault guards
  A minotaur
  10 fire dragons
  6 death oozes
  A great orb of eyes (shapeshifter)
  3 blizzard demons
  2 quicksilver dragon skeletons
  The ghost of conein the Thaumaturge, a journeyman DEWz of Vehumet
  4 rakshasas
  15 great orbs of eyes Fannar
  3 deep elf high priests
  7 entropy weavers
  18 yaktaur captains Erolcha
  A hell beast
  A ghost crab
  24 hydras
  15 ice dragons
  7 spriggan air magi
  A death knight
  23 centaur warriors
  27 death yaks
  11 deep troll shamans
  8 alligators
  A queen ant
  A catoblepas
  14 dancing weapons
  17 ogre magi
  A titan zombie
  14 tengu warriors Urug
  8 deep troll earth magi
  4 vampire magi
  4 orc high priests
  4 soul eaters
  6 spriggan berserkers
  24 deep elf knights
  2 storm dragon zombies Sonja
  2 sun demons
  2 shadow wraiths
  39 skeletal warriors
  33 deep trolls
  A salamander mystic
  A fire crab (shapeshifter)
  A storm dragon skeleton
  3 fire crabs
  4 giant orange brains
  5 iron trolls
  10 hell knights
  7 unseen horrors
  67 death scarabs
  2 orange crystal statues
  3 flayed ghosts
  3 shambling mangroves
  A golden dragon zombie
  6 wizards
  21 ironbrand convokers
  12 swamp dragons
  An anaconda skeleton
  21 deep elf archers
  13 orc knights
  The ghost of 4thArraOfDagon the Covert, a novice FeFi of Makhleb
  9 hill giants
  An orb spider (shapeshifter)
  5 phantasmal warriors
  A torturous demonspawn
  20 anubis guards
  9 orc sorcerers
  A wolf spider (shapeshifter)
  An oklob plant
  10 shining eyes
  A harpy (shapeshifter)
  11 harpies
  12 griffons
  54 deep elf magi
  A shining eye (shapeshifter)
  13 necromancers
  2 fire giant zombies
  A sixfirhy
  A stone giant zombie
  2 tengu skeletons
  A frost giant zombie
  2 salamanders
  36 wolf spiders
  A cyclops (shapeshifter)
  7 hornets
  A shock serpent zombie
  46 ugly things
  2 iron dragon skeletons
  8 cyclopes
  A spriggan zombie
  3 black mambas
  3 moths of wrath
  3 stone giant skeletons
  14 orb spiders
  10 vault sentinels
  2 ice statues
  A naga mage
  2 manticores
  A frost giant skeleton
  27 spiny frogs
  4 centaur zombies
  6 rust devils
  8 eyes of devastation
  9 elephants
  A black mamba (shapeshifter)
  3 gargoyles
  An orange demon
  2 torpor snails
  24 komodo dragons
  9 centaur skeletons
  11 demonic crawlers
  2 fire drakes
  2 human zombies
  11 kobold demonologists
  An anaconda simulacrum
  68 yaktaurs
  A hellwing
  38 guardian mummies
  A fire drake (shapeshifter)
  A death yak skeleton
  A yaktaur skeleton
  A red devil
  A black draconian skeleton
  A queen bee (shapeshifter)
  An elf skeleton
  14 ice devils
  A large abomination
  8 giant leeches
  10 spriggan druids
  A harpy zombie
  6 polar bears
  2 harpy skeletons
  10 trolls
  10 freezing wraiths
  19 jumping spiders
  4 tengu conjurers
  A wind drake (shapeshifter)
  9 boulder beetles
  A tengu simulacrum
  A fire dragon zombie
  A hydra skeleton
  17 ushabtiu
  2 ice dragon zombies
  10 bog bodies
  26 two-headed ogres
  26 blink frogs
  109 slime creatures
  A fire giant simulacrum
  8 shadows
  A stone giant simulacrum
  53 flying skulls
  13 water elementals
  2 black mamba zombies
  A tarantella (shapeshifter)
  6 wyverns
  A vampire
  7 air elementals
  16 trapdoor spiders
  A hog
  60 spriggans
  7 wraiths
  38 tarantellas
  A trapdoor spider (shapeshifter)
  59 yaks
  A fire dragon skeleton Eustachio
  A frost giant simulacrum
  A salamander simulacrum
  78 redbacks
  2 neqoxecs
  3 golden eyes
  2 steam dragons
  3 hungry ghosts
  14 hippogriffs
  6 basilisks
  A mottled dragon (shapeshifter)
  A yak (shapeshifter)
  A human
  A fire elemental
  A chaos spawn
  25 insubstantial wisps
  A soldier ant (shapeshifter)
  6 wargs
  3 mottled dragons
  22 wolves
  5 hell hounds
  38 vampire mosquitoes
  18 swamp worms
  10 soldier ants
  25 water moccasins
  44 orc warriors
  A hell hound (shapeshifter)
  2 phantoms
  14 porcupines
  4 black bears
  39 wasps
  5 necrophages
  14 swamp drakes
  12 eyes of draining
  6 sky beasts
  6 ice beasts
  18 boggarts
  19 crocodiles
  55 ogres
  30 centaurs
  A fire drake skeleton
  A small abomination
  A deep troll simulacrum
  A draconian zombie
  16 big kobolds
  3 earth elementals
  24 giant frogs
  A salamander skeleton
  2 wyvern skeletons
  5 wights
  5 scorpions
  A water moccasin skeleton
  6 electric eels
  The ghost of Chiseanne the Magician, a weakling DsWz
  A troll skeleton
  2 giant frog zombies
  A lava snake
  2 iron imps
  8 crimson imps
  2 human simulacra
  37 jellies
  2 quasits
  9 hounds
  12 iguanas
  24 orc priests
  A giant frog skeleton
  A hell rat
  32 worker ants
  A human skeleton
  26 orc wizards
  31 sheep
  A killer bee zombie
  A porcupine skeleton
  A tengu zombie
  A hound zombie
  A naga skeleton
  2 hound skeletons
  68 mummies
  3 worker ant zombies
  14 gnolls
  54 river rats
  A shadow imp
  A steam dragon skeleton
  24 adders
  10 white imps
  2 giant eyeballs
  12 oozes
  10 ufetubi
  2 worm zombies
  2 adder skeletons
  5 worms
  9 giant geckos
  An orc (shapeshifter)
  116 orcs
  6 bats
  7 bat skeletons
  16 giant cockroaches
  4 hobgoblins
  A hobgoblin (shapeshifter)
  3 jackals
  45 kobolds
  4 quokkas
  10 ball pythons
  A ball python zombie
  16 giant newts
  11 goblins
  An orc skeleton
  2 quokka skeletons
  A quokka zombie
  15 rats
  A bush
  253 fire vortices
  45 fungi
  8 lost souls
  27 plants
3732 creatures vanquished.
